 Dungeon Crawl Stone Soup version 0.20.0-1-g1cb1d84 (webtiles) character file.

8230 FakerFangirl the Basher (level 11, 0/97 HPs)
             Began as a White Draconian Fighter on May 26, 2017.
             Was a High Priest of Cheibriados.
             Slain by a vampire (5 damage)
             ... on level 10 of the Dungeon.
             The game lasted 00:10:33 (10811 turns).

FakerFangirl the Basher (White Draconian Fighter)  Turns: 10811, Time: 00:10:34

Health: 0/97       AC: 14    Str: 31    XL:     11   Next: 7%
Magic:  0/11       EV: 18    Int: 22    God:    Cheibriados [*****.]
Gold:   32         SH: 13    Dex: 27    Spells: 10/10 levels left

rFire    . . .     SeeInvis .   Y - +4 morningstar
rCold    + . .     Gourm    .   b - +0 shield
rNeg     . . .     Faith    .   (armour unavailable)
rPois    .         Spirit   +   (helmet restricted)
rElec    .         Reflect  .   (no cloak)
rCorr    .         Harm     .   (no gloves)
MR       .....                  n - +0 pair of boots
Stlth    ++........             o - amulet of guardian spirit
Regen    0.3/turn               l - +3 ring of protection
MPRegen  0.2/turn               x - +3 ring of protection

@: about to teleport, very slow
A: breathe frost, unfitting armour, fangs 1, stinger 1, cold resistance 1,
cold-blooded, AC +7
a: Breathe Frost, Bend Time, Temporal Distortion, Slouch, Step From Time,
Renounce Religion


You were on level 10 of the Dungeon.
You worshipped Cheibriados.
Cheibriados was extremely pleased with you.
You were not hungry.

You visited 2 branches of the dungeon, and saw 11 of its levels.

You collected 465 gold pieces.
You spent 433 gold pieces at shops.


Innate Abilities, Weirdness & Mutations

You can breathe waves of freezing cold.
You can buffet flying creatures when you breathe cold.
Your icy white scales are hard. (AC +7)
You cannot fit into any form of body armour.
Your flesh is cold resistant. (rC+)
You are cold-blooded and may be slowed by cold attacks.
You have very sharp teeth.
Your tail ends in a poisonous barb.


   Skills:
 - Level 9.0 Fighting
 - Level 12.0 Maces & Flails
 - Level 7.0 Dodging
 + Level 7.3 Shields


You had 10 spell levels left.
You didn't know any spells.

Inventory:

Hand Weapons
 Y - a +4 morningstar (weapon)
Missiles
 a - 2 javelins of penetration (quivered)
 r - 43 tomahawks
Armour
 b - a +0 shield (worn)
 n - a +0 pair of boots (worn)
Jewellery
 l - a +3 ring of protection (left hand)
 m - an uncursed ring of fire
 o - an amulet of guardian spirit (around neck)
 x - a +3 ring of protection (right hand)
Wands
 g - a wand of lightning (10/15)
Scrolls
 f - 3 scrolls of remove curse
 s - 3 scrolls of identify
Potions
 c - 4 potions of might
 h - 2 potions of curing
 i - 3 potions of resistance
 k - 3 potions of mutation
 p - 2 potions of haste
 q - a potion of ambrosia {unknown}
 u - a potion of invisibility {unknown}
Comestibles
 d - 8 bread rations
 e - 7 fruits
 j - 7 meat rations
 t - 8 chunks of flesh
 w - 4 royal jellies

Dungeon Overview and Level Annotations

Branches:
Dungeon (10/15)            Temple (1/1) D:4             Orc (0/2) D:9
   Lair: D:8-11

Altars:
Ashenzari
Cheibriados
Dithmenos
Elyvilon
Fedhas
Gozag
Hepliaklqana
Kikubaaqudgha
Makhleb
Nemelex Xobeh
Okawaru
Qazlal
Ru
Sif Muna
Trog
Uskayaw
Vehumet
Xom
Yredelemnul
Zin
The Shining One
Beogh

Shops:
D:8 (=   D:9 !


Message History

You block the yak's attack. Something completely misses you.
Something bites you but does no damage. You block the yak's attack.
You thump the yak!
The yak is moderately wounded.
The yak gores you! Something hits you! Something bites you but does no damage.
You sock the yak!
Your tail-slap misses the yak.
The yak is severely wounded.
You block the yak's attack. The yak closely misses you.
Something hits you but does no damage. Something bites you!
Something draws strength from your injuries!
10810 ||| READING scroll of teleportation.
As you read the scroll of teleportation, it crumbles to dust.
You feel strangely unstable. You block the yak's attack. The yak gores you.
Something hits you. Something bites you but does no damage.
You puncture the yak! You tail-slap the yak.
You kill the yak!
Cheibriados appreciates the change of pace.
The yak closely misses you. Something hits you.
You die...

###########################
.........%@................
#.......{%Y...>.......##..
.#(....................##..
...........................
######'###########'##......
... #...#....#..#.?. ..(
#...#....#..#... .##
#..###'###..#...
#..'............


You could see a yak.

Vanquished Creatures
  A two-headed ogre (D:10)
  An oklob plant (D:7)
  A troll (D:9)
  The ghost of sargx the Sneak, a novice VSFi of Uskayaw (D:5)
  A hippogriff (D:10)
  5 yaks (D:10)
  A human (D:7)
  4 hogs (D:7)
  A steam dragon (D:10)
  Menkaure (D:5)
  An ice beast (D:7)
  9 orc warriors
  A phantom (D:9)
  An eye of draining (D:9)
  A sky beast (D:5)
  4 ogres
  A necrophage (D:5)
  6 centaurs
  2 big kobolds (D:7)
  7 bullfrogs
  2 water moccasin zombies
  3 jellies
  2 scorpions
  6 wights
  3 killer bees (D:8)
  7 crimson imps
  2 centaur zombies (D:7)
  3 howler monkeys
  A bullfrog zombie (D:6)
  2 quasits
  A gnoll shaman (D:10)
  A hound (D:9)
  10 orc priests
  A bullfrog skeleton (D:6)
  A centaur skeleton (D:6)
  3 iguanas
  4 orc wizards
  6 worker ants
  2 hound zombies (D:6)
  2 hound skeletons
  A howler monkey zombie (D:8)
  6 adders
  3 gnolls (D:10)
  A shadow imp (D:10)
  2 oozes
  2 adder zombies (D:5)
  An adder skeleton (D:5)
  3 worms
  4 dart slugs
  A leopard gecko (D:1)
  57 orcs
  2 ball pythons
  4 giant cockroaches
  4 goblins
  9 hobgoblins
  13 jackals
  2 quokkas
  8 bats
  3 frilled lizards
  A giant cockroach zombie (D:6)
  A jackal zombie (D:6)
  15 kobolds
  2 leopard gecko zombies
  A quokka skeleton (D:5)
  A rat (D:1)
259 creatures vanquished.

Vanquished Creatures (others)
  An orc priest (D:9)
1 creature vanquished.

Grand Total: 260 creatures vanquished

Notes
Turn   | Place    | Note
-------+----------+-------------------------------------------
     0 | D:1      | FakerFangirl the Draconian Fighter began the quest for the Orb.
     0 | D:1      | Reached XP level 1. HP: 19/19 MP: 1/1
     0 | D:1      | 0 ||| counter = 82
   206 | D:1      | 206 ||| Stepping ~*~*~tactically~*~*~ (outnumbered).
   211 | D:1      | 211 ||| Stepping ~*~*~tactically~*~*~ (outnumbered).
   214 | D:1      | 214 ||| Stepping ~*~*~tactically~*~*~ (outnumbered).
   215 | D:1      | Reached XP level 2. HP: 21/26 MP: 2/2
   237 | D:1      | HP: 6/26 [poisoned by a kobold]
   502 | D:1      | Reached skill level 3 in Maces & Flails
   791 | D:1      | Reached XP level 3. HP: 28/31 MP: 3/3
  1021 | D:1      | 1021 ||| READING 3 scrolls labeled ZEXECUM ROYROY.
  1265 | D:2      | Reached skill level 4 in Maces & Flails
  1619 | D:2      | 1619 ||| SWAPPING to runed flail.
  1620 | D:2      | 1620 ||| DROPPING +0 flail.
  1785 | D:2      | 1785 ||| READING scroll labeled SUSTUO HIENG.
  1786 | D:2      | 1786 ||| READING scroll labeled ABLAGRAUMA.
  1787 | D:2      | 1787 ||| READING scroll labeled AFYMUINTUEL.
  1788 | D:2      | 1788 ||| READING scroll labeled HITHIG UCHACO.
  1789 | D:2      | 1789 ||| READING scroll labeled POWIPS ROSK.
  1790 | D:2      | 1790 ||| DRINKING 2 lumpy amethyst potions.
  1823 | D:2      | 1823 ||| EATING 12 fruits.
  1824 | D:2      | 1824 ||| DROPPING potion of lignification.
  2041 | D:3      | HP: 6/31 [orc priest/divine providence (15)]
  2042 | D:3      | 2042 ||| READING 4 scrolls of teleportation.
  2043 | D:3      | Reached XP level 4. HP: 8/38 MP: 4/4
  2147 | D:3      | 2147 ||| Invisible monster not found???
  2147 | D:3      | 2147 ||| EATING 11 fruits.
  2260 | D:3      | 2260 ||| EATING 10 fruits.
  2407 | D:3      | Reached skill level 5 in Maces & Flails
  2476 | D:3      | Found a hide-covered altar of Uskayaw.
  2528 | D:3      | Found a blossoming altar of Fedhas.
  2554 | D:3      | Noticed an oklob plant
  2631 | D:3      | 2631 ||| SWAPPING to morningstar.
  2634 | D:3      | 2634 ||| DROPPING +1 flail of crushing.
  2700 | D:3      | Reached XP level 5. HP: 45/45 MP: 5/5
  2898 | D:3      | 2898 ||| READING scroll of enchant weapon.
  2898 | D:3      | 2898 ||| ENCHANTING +0 morningstar.
  3044 | D:3      | Found a faded altar of an unknown god.
  3382 | D:3      | 3382 ||| DRINKING 2 ruby potions.
  3383 | D:3      | 3383 ||| DRINKING 3 grey potions.
  3384 | D:3      | 3384 ||| READING 2 scrolls of identify.
  3384 | D:3      | 3384 ||| IDENTIFYING shiny golden ring
  3385 | D:3      | 3385 ||| READING scroll of identify.
  3385 | D:3      | 3385 ||| IDENTIFYING agate ring
  3386 | D:3      | 3386 ||| UPGRADING to +3 ring of protection.
  3466 | D:4      | Found a staircase to the Ecumenical Temple.
  3472 | Temple   | Entered the Ecumenical Temple
  3473 | Temple   | 3473 ||| Entered T.
  3512 | Temple   | Became a worshipper of Cheibriados the Contemplative
  3760 | D:4      | Reached skill level 6 in Maces & Flails
  3945 | D:4      | 3945 ||| READING scroll of enchant weapon.
  3945 | D:4      | 3945 ||| ENCHANTING +1 morningstar.
  4090 | D:4      | Noticed an ogre
  4097 | D:4      | Killed an ogre
  4097 | D:4      | Reached XP level 6. HP: 37/53 MP: 6/6
  4214 | D:4      | 4214 ||| READING scroll of identify.
  4214 | D:4      | 4214 ||| IDENTIFYING notched coral ring
  4226 | D:5      | Entered Level 5 of the Dungeon
  4229 | D:5      | 4229 ||| STAIRDANCE
  4246 | D:5      | 4246 ||| READING scroll of enchant weapon.
  4246 | D:5      | 4246 ||| ENCHANTING +2 morningstar.
  4282 | D:5      | Noticed Menkaure
  4290 | D:5      | HP: 8/53 [Menkaure (14)]
  4291 | D:5      | 4291 ||| READING 3 scrolls of teleportation.
  4292 | D:5      | 4292 ||| DRINKING 2 potions of heal wounds.
  4459 | D:5      | Noticed sargx's ghost (novice VSFi)
  4469 | D:5      | Killed sargx's ghost
  4469 | D:5      | Reached skill level 7 in Maces & Flails
  4469 | D:5      | Your scales start taking on an icy white colour.
  4469 | D:5      | Reached XP level 7. HP: 20/60 MP: 7/7
  4469 | D:5      | Gained mutation: Your flesh is cold resistant. (rC+) [White Draconian growth]
  4673 | D:5      | Killed Menkaure
  4676 | D:5      | Reached skill level 8 in Maces & Flails
  4858 | D:5      | 4858 ||| EATING 9 fruits.
  4989 | D:5      | Reached * piety under Cheibriados
  5500 | D:5      | Reached XP level 8. HP: 51/68 MP: 8/8
  5639 | D:5      | 5639 ||| READING scroll labeled ORUYGIRAFO.
  5640 | D:5      | 5640 ||| READING scroll labeled BUCSAPIDEIL.
  5641 | D:5      | 5641 ||| READING scroll labeled OPECSE NIOFFIS.
  5642 | D:5      | 5642 ||| DRINKING 2 inky potions.
  5642 | D:5      | Gained mutation: Your tail ends in a poisonous barb. [potion of mutation]
  5642 | D:5      | Gained mutation: You have very sharp teeth. [potion of mutation]
  5642 | D:5      | Gained mutation: You evolve. [potion of mutation]
  5643 | D:5      | 5643 ||| DRINKING 2 brown potions.
  5644 | D:5      | 5644 ||| DRINKING 2 emerald potions.
  5645 | D:5      | 5645 ||| DRINKING 3 orange potions.
  5646 | D:5      | 5646 ||| DROPPING potion of brilliance.
  5647 | D:5      | 5647 ||| DROPPING potion of agility.
  5648 | D:5      | 5648 ||| DROPPING 2 potions of flight.
  5756 | D:6      | Reached skill level 9 in Maces & Flails
  5765 | D:6      | HP: 17/68 [orc/trident (3)]
  5766 | D:6      | 5766 ||| READING 2 scrolls of teleportation.
  5767 | D:6      | 5767 ||| DRINKING potion of heal wounds.
  5768 | D:6      | Reached skill level 3 in Dodging
  6112 | D:6      | Reached skill level 6 in Fighting
  6247 | D:6      | Reached ** piety under Cheibriados
  6363 | D:6      | Lost mutation: You evolve. [end of evolution]
  6512 | D:6      | Found a hazy altar of Hepliaklqana.
  6607 | D:6      | Reached XP level 9. HP: 47/75 MP: 9/9
  6740 | D:6      | Reached skill level 10 in Maces & Flails
  6769 | D:6      | 6769 ||| UPGRADING to pair of boots.
  6774 | D:6      | 6774 ||| READING 5 scrolls of remove curse.
  6775 | D:6      | 6775 ||| UPGRADING to dented copper amulet.
  6776 | D:6      | 6776 ||| READING 2 scrolls of identify.
  6776 | D:6      | 6776 ||| IDENTIFYING fizzy emerald potion
  7233 | D:7      | 7233 ||| Stepping ~*~*~tactically~*~*~ (outnumbered).
  7326 | D:7      | Reached skill level 6 in Shields
  7328 | D:7      | Reached *** piety under Cheibriados
  7649 | D:7      | Found an ancient bone altar of Kikubaaqudgha.
  7667 | D:7      | Noticed an oklob plant
  7674 | D:7      | HP: 17/79 [acid (10)]
  7675 | D:7      | 7675 ||| READING scroll of teleportation.
  7675 | D:7      | HP: 6/79 [acid (7)]
  7676 | D:7      | Killed an oklob plant
  7676 | D:7      | Reached skill level 11 in Maces & Flails
  7676 | D:7      | Reached XP level 10. HP: 7/86 MP: 1/10
  8217 | D:7      | Found a sparkling altar of Nemelex Xobeh.
  8314 | D:7      | 8314 ||| READING scroll labeled MEYH UXTINUE.
  8315 | D:7      | 8315 ||| READING scroll labeled PEGI FISILI.
  8316 | D:7      | 8316 ||| DRINKING 2 metallic dark potions.
  8389 | D:8      | 8389 ||| EATING 8 fruits.
  8548 | D:8      | Found Hoklen's Weapon Boutique.
  8726 | D:8      | Reached **** piety under Cheibriados
  8965 | D:8      | Found a roughly hewn altar of Beogh.
  8975 | D:8      | Found a stormy altar of Qazlal.
  8975 | D:8      | Found a shattered altar of Ashenzari.
  9212 | D:8      | Found Atixas Kiawe's Jewellery Shop.
  9215 | D:8      | Bought a +3 ring of protection for 273 gold pieces
  9215 | D:8      | 9215 ||| SHOPLISTING ring of fire (325 gold, have 125).
  9215 | D:8      | 9215 ||| SHOPLISTING ring of see invisible (195 gold, have 125).
  9215 | D:8      | 9215 ||| SHOPLISTING amulet of regeneration (390 gold, have 125).
  9215 | D:8      | 9215 ||| SHOPLISTING ring of Zoil {rPois rF+ MR+} (561 gold, have 125).
  9215 | D:8      | 9215 ||| SHOPLISTING ring of protection from fire (325 gold, have 125).
  9215 | D:8      | 9215 ||| SHOPLISTING amulet "Arreeme" {Spirit rF+} (572 gold, have 125).
  9334 | D:8      | 9334 ||| UPGRADING to glowing jade amulet.
  9336 | D:8      | 9336 ||| REMOVING amulet of magic regeneration.
  9337 | D:8      | 9337 ||| UPGRADING to amulet of guardian spirit.
  9338 | D:8      | 9338 ||| DROPPING amulet of magic regeneration.
  9339 | D:8      | 9339 ||| DROPPING ring of ice.
  9340 | D:8      | 9340 ||| UPGRADING to wooden ring.
  9341 | D:8      | 9341 ||| READING 4 scrolls of remove curse.
  9342 | D:8      | 9342 ||| REMOVING -2 ring of intelligence.
  9343 | D:8      | 9343 ||| DROPPING -2 ring of intelligence.
  9344 | D:8      | 9344 ||| UPGRADING to +3 ring of protection.
  9345 | D:8      | 9345 ||| READING scroll labeled EBLUCAPSYOT.
  9614 | D:9      | 9614 ||| Stepping ~*~*~tactically~*~*~ (outnumbered).
  9617 | D:9      | 9617 ||| Stepping ~*~*~tactically~*~*~ (outnumbered).
  9621 | D:9      | 9621 ||| Stepping ~*~*~tactically~*~*~ (outnumbered).
  9622 | D:9      | 9622 ||| Stepping ~*~*~tactically~*~*~ (outnumbered).
  9623 | D:9      | 9623 ||| Stepping ~*~*~tactically~*~*~ (outnumbered).
  9624 | D:9      | 9624 ||| Stepping ~*~*~tactically~*~*~ (outnumbered).
  9625 | D:9      | 9625 ||| Stepping ~*~*~tactically~*~*~ (outnumbered).
  9635 | D:9      | 9635 ||| Stepping ~*~*~tactically~*~*~ (outnumbered).
  9637 | D:9      | 9637 ||| Stepping ~*~*~tactically~*~*~ (outnumbered).
  9638 | D:9      | 9638 ||| Stepping ~*~*~tactically~*~*~ (outnumbered).
  9639 | D:9      | 9639 ||| Stepping ~*~*~tactically~*~*~ (outnumbered).
  9640 | D:9      | 9640 ||| Stepping ~*~*~tactically~*~*~ (outnumbered).
  9641 | D:9      | 9641 ||| Stepping ~*~*~tactically~*~*~ (outnumbered).
  9642 | D:9      | Reached ***** piety under Cheibriados
  9649 | D:9      | 9649 ||| Stepping ~*~*~tactically~*~*~ (outnumbered).
  9650 | D:9      | 9650 ||| Stepping ~*~*~tactically~*~*~ (outnumbered).
  9653 | D:9      | Reached skill level 6 in Dodging
  9760 | D:9      | Found a roughly hewn altar of Beogh.
  9788 | D:9      | Found a staircase to the Orcish Mines.
  9919 | D:9      | Found Pofuck's Distillery.
 10131 | D:9      | Bought 2 potions of might for 80 gold pieces
 10131 | D:9      | Bought a potion of mutation for 80 gold pieces
 10131 | D:9      | 10131 ||| SHOPLISTING potion of curing (30 gold, have 21).
 10322 | D:9      | Reached skill level 12 in Maces & Flails
 10381 | D:10     | Entered Level 10 of the Dungeon
 10556 | D:10     | 10556 ||| Stepping ~*~*~tactically~*~*~ (outnumbered).
 10668 | D:10     | Noticed a two-headed ogre
 10675 | D:10     | Killed a two-headed ogre
 10774 | D:10     | 10774 ||| READING scroll of enchant weapon.
 10774 | D:10     | 10774 ||| ENCHANTING +3 morningstar.
 10796 | D:10     | Reached XP level 11. HP: 88/95 MP: 11/11
 10799 | D:10     | 10799 ||| Stepping ~*~*~tactically~*~*~ (outnumbered).
 10802 | D:10     | Reached skill level 9 in Fighting
 10807 | D:10     | 10807 ||| DRINKING 3 potions of curing.
 10807 | D:10     | 10807 ||| (to cure confusion)
 10809 | D:10     | HP: 16/97 [something (13)]
 10810 | D:10     | 10810 ||| READING scroll of teleportation.
 10810 | D:10     | HP: 5/97 [something (6)]
 10811 | D:10     | Slain by a vampire

Vault maps used:
D:1:      dpeg_arrival_tiny_k, st_stairs_3
D:3:      marbit_many_paths, tgw_fedhas, chequers_ecumenical_altar_grove
D:4:      minmay_temple_entry_hall, st_stairs_14
D:5:      cheibrodos_quashed, first_bread, uniq_menkaure
D:6:      overflow_temple_1_default
D:7:      nemelex_xobeh_ov_fountains_minmay, grunt_livestock, st_stairs_2,
          lemuel_oklob_altar
D:8:      gammafunk_temple_overflow_elements, special_room, serial_shops, shop,
          kennysheep_mini
D:9:      david_orc_5, serial_shops, shop
Temple:   regret_index_temple_waves

Skill      XL: |  1  2  3  4  5  6  7  8  9 10 11 |
---------------+----------------------------------+-----
Maces & Flails | 3 4 5 6 7 8 9 11 12 | 12.0
Fighting       | 4 5 6 7 8 9 |  9.0
Shields        | 4 5 6 7 |  7.3
Dodging        | 3 5 7 |  7.0

Action                   |  1- 3 |  4- 6 |  7- 9 | 10-12 || total
-------------------------+-------+-------+-------+-------++-------
Melee: Flail             |   148 |    24 |       |       ||   172
       Tailslap          |    14 |    14 |    40 |    61 ||   129
       Morningstar       |       |   102 |   253 |   240 ||   595
       Bite              |       |       |    35 |    40 ||    75
Throw: Tomahawk          |     3 |    38 |    34 |    40 ||   115
       Javelin           |       |       |       |    16 ||    16
  Use: Scroll            |     7 |     7 |     7 |     6 ||    27
       Potion            |     1 |     3 |     5 |     2 ||    11
  Eat: Chunk             |     2 |     8 |     5 |     4 ||    19
       Fruit             |     1 |     2 |     1 |     1 ||     5
Armor: Skin              |    35 |    17 |    73 |    48 ||   173
Dodge: Dodged            |    65 |    56 |   114 |   142 ||   377
Block: Shield            |    76 |    44 |   132 |   187 ||   439
